 Seeded DCSS version 0.30.1-11-g7821555f0a (webtiles) character file.

Game seed: 6351066067085065685 (custom seed)

14588 Esekla the Eclecticist (level 11, -9/62 HPs)
             Began as a Deep Elf Wanderer on Oct 28, 2023.
             Was a High Priest of Vehumet.
             Mangled by a centaur warrior simulacrum (20 damage)
             ... on level 11 of the Dungeon.
             The game lasted 01:42:45 (11709 turns).

Esekla the Eclecticist (Deep Elf Wanderer)         Turns: 11709, Time: 01:42:45

Health: -9/62      AC:  9    Str: 11    XL:     11   Next: 90%
Magic:  42/42      EV: 14    Int: 23    God:    Vehumet [*****.]
Gold:   743        SH:  4    Dex: 11    Spells: 11/42 levels left

rFire   . . .        c - +5 scimitar
rCold   . . .        d - +0 buckler
rNeg    . . .        H - +0 steam dragon scales
rPois   .            N - +1 helmet
rElec   .            E - +0 cloak
rCorr   .            l - +0 pair of gloves
SInv    .            (no boots)
Will    +....        z - amulet of magic regeneration
Stlth   ++           J - ring of magical power
HPRegen 0.30/turn    (no ring)
MPRegen 0.68/turn

%: no passive effects
@: studying Fighting
A: no striking features
a: Renounce Religion


You were on level 11 of the Dungeon.
You worshipped Vehumet.
Vehumet was extremely pleased with you.
You visited 1 branch of the dungeon, and saw 12 of its levels.
You also visited: Bailey.

You collected 743 gold pieces.

Inventory:

Hand Weapons
 a - a +2 vampiric dagger
 c - a +5 scimitar (weapon)
 r - a +4 trident of venom
 s - the +5 rapier of the Hero {heavy, rN+ Dex+3}
   (You found it on level 3 of the Dungeon)

   Dex:       It affects your dexterity (+3).
   rN:        It protects you from negative energy.
 v - a +2 rapier of venom
 M - a +4 great sword
Missiles
 m - 5 boomerangs (quivered)
 w - 44 poisoned darts
 P - 6 curare-tipped darts
Armour
 d - a +0 buckler (worn)
 l - a +0 pair of gloves (worn)
 E - a +0 cloak (worn)
 H - +0 steam dragon scales (worn)
 N - a +1 helmet (worn)
 Q - a +0 troll leather armour
Jewellery
 z - an amulet of magic regeneration (around neck)
 J - a ring of magical power (left hand)
Wands
 i - a wand of roots (21)
 q - a wand of charming (6)
 A - a wand of flame (7)
 G - a wand of mindburst (7)
Scrolls
 g - 4 scrolls of identify
 o - a scroll of enchant armour
 p - 2 scrolls of amnesia
 u - 2 scrolls of fog
 x - 2 scrolls of silence
 y - a scroll of magic mapping
 B - 3 scrolls of fear
 C - 4 scrolls of enchant weapon {unknown}
 D - 2 scrolls of teleportation
 F - a scroll of poison
 K - 2 scrolls of acquirement
 L - 5 scrolls of blinking {unknown}
 O - 2 scrolls of noise
Potions
 b - 3 potions of lignification
 e - 3 potions of ambrosia {unknown}
 f - 5 potions of attraction
 h - a potion of heal wounds
 j - 8 potions of curing
 k - 5 potions of haste {unknown}
 n - 2 potions of mutation
 t - 4 potions of brilliance {unknown}
 I - 2 potions of flight {unknown}
 R - a potion of cancellation {unknown}


   Skills:
 * Level 4.4 Fighting
 + Level 2.5(2.8) Short Blades
 + Level 1.6(2.2) Long Blades
 + Level 1.1 Throwing
 * Level 8.7 Dodging
 + Level 3.3 Stealth
 + Level 2.0 Shields
 * Level 16.4 Spellcasting
 * Level 2.7 Conjurations
 * Level 8.7 Necromancy
 + Level 4.5 Translocations
 - Level 3.1 Transmutations
 * Level 3.8 Fire Magic
 + Level 6.0 Poison Magic
 + Level 1.0 Invocations
 + Level 1.1 Evocations


You had 11 spell levels left.
You knew the following spells:

 Your Spells              Type           Power      Damage    Failure   Level
a - Magic Dart            Conj           100%       1d8       1%          1
b - Blink                 Tloc           78%        N/A       1%          2
c - Mephitic Cloud        Conj/Pois/Air  32%        N/A       1%          3
d - Vampiric Draining     Necr           56%        2d10      1%          3
f - Fireball              Conj/Fire      17%        3d9       8%          5
n - Ignite Poison         Fire/Tmut/Pois 38%        N/A       1%          3
p - Apportation           Tloc           78%        N/A       1%          1
v - Poisonous Vapours     Pois/Air       64%        N/A       1%          2
w - Wereblood             Tmut           33%        N/A       1%          2
x - Olgreb's Toxic Radia  Pois           46%        N/A       1%          4
z - Freezing Cloud        Conj/Ice/Air   11%        6-21      21%         5

Your spell library contained the following spells:

 Spells                   Type           Power      Damage    Failure   Level
 Fulminant Prism          Conj/Hex       12%        3d8       7%          4
 Foxfire                  Conj/Fire      100%       2x1d9     1%          1
 Lesser Beckoning         Tloc           78%        N/A       1%          2
 Sublimation of Blood     Necr           56%        N/A       1%          2
 Gell's Gravitas          Tloc           39%        N/A       1%          3
 Spider Form              Tmut/Pois      39%        N/A       1%          3
 Teleport Other           Tloc           39%        N/A       1%          3
 Starburst                Conj/Fire      17%        6d6       36%         6
 Cause Fear               Hex            9%         N/A       38%         4
 Plasma Beam              Fire/Air       13%        2x1d27    54%         6
 Summon Mana Viper        Hex/Summ       18%        N/A       75%         5
 Summon Hydra             Summ           9%         N/A       100%        7


Dungeon Overview and Level Annotations

Branches:
Dungeon (12/15)            Temple (0/1) D:6            Lair (0/5) D:11
    Orc (0/2) D:10         Bailey (visited)

Altars:
Dithmenos
Fedhas
Hepliaklqana
Nemelex Xobeh
Okawaru
Qazlal
Ru
Trog
Uskayaw
Vehumet
Zin
The Shining One

Shops:
D:2 =   D:4 (

Portals:
Trove: D:12 (lose all piety)

Annotations:
D:7 Joseph
D:8 3 transporters


Message History

You open the door.
Casting: Ignite Poison (safe; 1% risk of failure)
Confirm with . or Enter, or press ? or * to list all spells.
Aiming: Poisonous Vapours (safe; 1% risk of failure)
Press: ? - help, Dir - move target, f - basilisk
Aim: a basilisk (wandering, hasn't noticed you) Poisonous vapours surround the basilisk!
The basilisk is poisoned.
The basilisk hisses angrily.
Casting: Poisonous Vapours (safe; 1% risk of failure)
Confirm with . or Enter, or press ? or * to list all spells.
Aiming: Poisonous Vapours (safe; 1% risk of failure)
Press: ? - help, Dir - move target, f/p - basilisk
Aim: a basilisk (very poisoned) Poisonous vapours surround the basilisk!
The basilisk looks as sick as possible!
Casting: Poisonous Vapours (safe; 1% risk of failure)
Confirm with . or Enter, or press ? or * to list all spells.
You ignite the poison in your surroundings!
The basilisk seems to burn from within!!!!
You kill the basilisk!
Vehumet accepts your kill.
There is an open door here.
You now have 743 gold pieces (gained 14).
You open the door.
There is an open door here.
There is an open door here.
You open the door.
There is an open door here.
There is a stone staircase leading up, spattered with blood here.
You climb upwards.
The centaur warrior simulacrum hits you!
The centaur warrior simulacrum freezes you!!
The centaur warrior simulacrum kicks you.
The centaur warrior simulacrum freezes you!
* * * LOW HITPOINT WARNING * * *
The centaur warrior simulacrum hits you.
* * * LOW HITPOINT WARNING * * *
The centaur warrior simulacrum freezes you!!
You die...

#.....#..........#
##.#[#.....#######
#....##......# .#
.....#.......# ..#
.>..Y......######## ...
..#..#..÷†...Y.Y######.###
.###.....######.Y>#≈≈≈.~≈≈
#......Z..######~....~≈
......~..@..#####§§§...~
......#####.......§§§....
#....# ###...##§§.....
..... #....###~~...~~ ...#
#.##..(#≈~..≈~≈ ~##
#.#########(### .. ...# .#
# #.#####.### . #
.......### ## #


You could see a centaur warrior simulacrum.

Vanquished Creatures
  Harold (D:9)
  2 two-headed ogres
  Pikel (D:6)
  2 orc knights (Bailey)
  3 cyclopes
  A rime drake (D:11)
  A kobold demonologist (D:9)
  A polar bear (D:11)
  5 trolls
  A centaur simulacrum (D:11)
  9 yaks
  A wraith (D:12)
  A basilisk (D:12)
  2 steam dragons
  3 wyverns
  Menkaure (D:7)
  5 ice beasts
  A sky beast (D:6)
  9 orc warriors
  A black bear (D:6)
  3 ogres
  2 centaurs
  6 wolves (D:11)
  A phantom (D:7)
  3 lemures (D:6)
  Blork the orc (D:6)
  4 kobold brigands
  3 gnoll sergeants
  2 bullfrogs
  2 scorpions (D:5)
  10 wights
  19 killer bees
  2 howler monkeys (D:10)
  2 quasits (D:7)
  2 gnoll boudas
  6 hounds
  A jelly (D:6)
  Crazy Yiuf (D:7)
  7 orc priests
  A sleepcap (D:5)
  5 iguanas
  10 orc wizards
  27 gnolls
  9 adders
  3 shadow imps
  6 white imps
  4 ufetubi
  A worm (D:4)
  3 dart slugs
  54 orcs
  4 endoplasms
  9 goblins
  7 hobgoblins
  A quokka (D:1)
  6 ball pythons
  4 bats
  4 frilled lizards
  21 kobolds
  A rat (D:2)
308 creatures vanquished.

Vanquished Creatures (others)
  An orc (D:8)
1 creature vanquished.

Grand Total: 309 creatures vanquished

Notes
Turn   | Place    | Note
-------+----------+-------------------------------------------
     0 | D:1      | Esekla the Deep Elf Wanderer began the quest for the Orb.
     0 | D:1      | Esekla set off with the following items: a +0 club, a
                  | potion of lignification, a +0 robe, a +0 buckler; and the
                  | following spells available to memorise: Apportation, Blink,
                  | Lesser Beckoning, Magic Dart, Ignite Poison, Vampiric
                  | Draining.
     0 | D:1      | Reached XP level 1. HP: 10/10 MP: 7/7
     2 | D:1      | Learned a level 1 spell: Magic Dart
     4 | D:1      | Learned a level 1 spell: Apportation
   275 | D:2      | Found Renulab's Jewellery Shop.
   548 | D:4      | Found a radiant altar of Vehumet.
   557 | D:4      | Found an iron altar of Okawaru.
   568 | D:4      | Found a glowing silver altar of Zin.
   654 | D:4      | Became a worshipper of Vehumet
   814 | D:3      | Reached XP level 2. HP: 13/15 MP: 9/9
   817 | D:3      | Learned a level 2 spell: Blink
   914 | D:3      | Reached skill level 5 in Spellcasting
  1068 | D:3      | Identified the +5 rapier of the Hero {heavy, rN+ Dex+3}
  1217 | D:1      | Reached skill level 1 in Necromancy
  1217 | D:1      | Reached XP level 3. HP: 19/19 MP: 7/11
  1222 | D:1      | Learned a level 3 spell: Vampiric Draining
  1275 | D:1      | Reached * piety under Vehumet
  1275 | D:1      | Offered knowledge of Foxfire by Vehumet.
  1361 | D:1      | Reached skill level 1 in Dodging
  1661 | D:2      | Reached skill level 1 in Conjurations
  1661 | D:2      | Reached XP level 4. HP: 7/24 MP: 1/13
  1677 | D:2      | Found a faded altar of an unknown god.
  1766 | D:2      | Reached skill level 6 in Spellcasting
  1833 | D:2      | Noticed a black bear
  2118 | D:3      | Found a hazy altar of Hepliaklqana.
  2120 | D:3      | Found a bloodstained altar of Trog.
  2131 | D:3      | Reached XP level 5. HP: 28/28 MP: 12/15
  2135 | D:3      | Found a stormy altar of Qazlal.
  2299 | D:5      | Entered Level 5 of the Dungeon
  2302 | D:5      | Got the Parchment of the Lumpy Olives
  2324 | D:5      | Found a shadowy altar of Dithmenos.
  2463 | D:5      | Reached skill level 7 in Spellcasting
  2463 | D:5      | Reached XP level 6. HP: 31/32 MP: 18/18
  2503 | D:5      | Offered knowledge of Momentum Strike by Vehumet.
  2681 | D:5      | Reached ** piety under Vehumet
  2742 | D:4      | Found Ponaysk's Antique Weapon Boutique.
  2909 | D:4      | Found a glowing golden altar of the Shining One.
  3384 | D:4      | Reached skill level 8 in Spellcasting
  3708 | D:5      | Reached XP level 7. HP: 35/36 MP: 13/20
  3885 | D:5      | Reached skill level 9 in Spellcasting
  4121 | D:5      | Offered knowledge of Hailstorm by Vehumet.
  4532 | D:6      | Noticed Pikel
  4556 | D:7      | Found a runed translucent door.
  4557 | D:7      | Noticed Crazy Yiuf
  4563 | D:7      | Killed Crazy Yiuf
  4628 | D:7      | Noticed a wyvern
  4633 | D:7      | Killed a wyvern
  4634 | D:7      | Reached XP level 8. HP: 33/41 MP: 5/23
  4690 | D:7      | Noticed Menkaure
  4693 | D:7      | Killed Menkaure
  4694 | D:7      | Reached skill level 1 in Short Blades
  4694 | D:7      | Reached skill level 10 in Spellcasting
  4725 | D:7      | Reached *** piety under Vehumet
  5200 | D:7      | Reached skill level 5 in Dodging
  5256 | D:7      | Offered knowledge of Stone Arrow by Vehumet.
  5370 | D:8      | Reached skill level 5 in Necromancy
  5462 | D:8      | Reached skill level 11 in Spellcasting
  5819 | D:8      | Found a hide-covered altar of Uskayaw.
  5852 | D:8      | Reached XP level 9. HP: 40/45 MP: 15/26
  5931 | D:8      | Reached **** piety under Vehumet
  5996 | D:8      | Offered knowledge of Olgreb's Toxic Radiance by Vehumet.
  6010 | D:8      | Learned a level 4 spell: Olgreb's Toxic Radiance
  6014 | D:8      | Learned a level 3 spell: Ignite Poison
  6051 | D:8      | Noticed a two-headed ogre
  6064 | D:8      | Killed a two-headed ogre
  6065 | D:8      | Reached skill level 1 in Transmutations
  6065 | D:8      | Reached skill level 1 in Fire Magic
  6065 | D:8      | Reached skill level 1 in Poison Magic
  6281 | D:8      | Found a transporter.
  6281 | D:8      | Found a transporter.
  6287 | D:8      | Found a transporter.
  6288 | D:8      | Found a transporter.
  6641 | D:7      | Noticed Joseph
  6929 | D:9      | Noticed a kobold demonologist
  6930 | D:9      | Reached skill level 12 in Spellcasting
  6936 | D:9      | Killed a kobold demonologist
  6987 | D:9      | Found a flagged portal.
  7000 | Bailey   | Entered a bailey
  7108 | Bailey   | Identified the +2 bardiche of Puhoisos {heavy, rElec
                  | Stlth+}
  7174 | Bailey   | Noticed an orc knight
  7174 | Bailey   | Noticed an orc knight
  7210 | Bailey   | Killed an orc knight
  7211 | Bailey   | Reached XP level 10. HP: 41/50 MP: 28/28
  7253 | Bailey   | Killed an orc knight
  7254 | Bailey   | Reached skill level 13 in Spellcasting
  7921 | D:6      | Found a staircase to the Ecumenical Temple.
  7945 | D:6      | Killed Pikel
  7946 | D:6      | Reached skill level 1 in Fighting
  8186 | D:6      | Found a blossoming altar of Fedhas.
  8337 | D:6      | Noticed Blork the orc
  8347 | D:6      | Killed Blork the orc
  8801 | D:9      | Reached ***** piety under Vehumet
  8820 | D:9      | Noticed a cyclops
  8824 | D:9      | Noticed a cyclops
  8827 | D:9      | Reached skill level 14 in Spellcasting
  8830 | D:9      | Killed a cyclops
  8830 | D:9      | Offered knowledge of Iron Shot by Vehumet.
  8830 | D:9      | Killed a cyclops
  8871 | D:9      | Noticed a two-headed ogre
  8880 | D:9      | Killed a two-headed ogre
  8894 | D:9      | Reached skill level 5 in Poison Magic
  8940 | D:9      | Reached XP level 11. HP: 14/52 MP: 31/31
  9296 | D:9      | Found a sparkling altar of Nemelex Xobeh.
  9485 | D:9      | Noticed Harold
  9492 | D:9      | Killed Harold
  9493 | D:9      | Reached skill level 1 in Evocations
  9732 | D:10     | Entered Level 10 of the Dungeon
  9765 | D:10     | Found a staircase to the Orcish Mines.
  9802 | D:10     | Reached skill level 15 in Spellcasting
 10131 | D:11     | Reached skill level 1 in Throwing
 10316 | D:10     | Found a sacrificial altar of Ru.
 10319 | D:10     | Offered knowledge of Fulminant Prism by Vehumet.
 10723 | D:10     | Reached skill level 16 in Spellcasting
 10925 | D:11     | Found a staircase to the Lair.
 11215 | D:12     | Reached skill level 1 in Long Blades
 11277 | D:12     | Learned a level 2 spell: Wereblood
 11384 | D:12     | Learned a level 5 spell: Fireball
 11439 | D:12     | Noticed a red ugly thing
 11579 | D:12     | Learned a level 3 spell: Mephitic Cloud
 11582 | D:12     | Learned a level 2 spell: Poisonous Vapours
 11588 | D:12     | Learned a level 5 spell: Freezing Cloud
 11610 | D:12     | Found a portal to a secret trove of treasure.
 11709 | D:11     | Mangled by a centaur warrior simulacrum

Illustrated notes

Levels and vault maps discovered:
D:1:      sevenhm_arrival_forest_fort_small_3, layout_rooms,
          chequers_serial_rivers_room_b, minmay_misc_feat_five
D:2:      layout_loops_ring, dreamdust_ecumenical_altar_angels_and_demons,
          serial_shops, shop
D:3:      layout_basic, grunt_temple_overflow_open, minmay_misc_feat_iff
D:4:      layout_basic, nicolae_overflow_quartered_altars, serial_shops,
          nicolae_diamond_shop
D:5:      layout_loops_ring, lemuel_doored_altar, minmay_misc_feat_rows,
          dreamdust_wishing_well
D:6:      layout_loops_cross, fedhas_altar_fruit_tree,
          minmay_temple_entry_glass, uniq_pikel, uniq_blork_the_orc
D:7:      layout_basic, uniq_menkaure, uniq_joseph, uniq_crazy_yiuf_cottage
D:8:      layout_basic, nicolae_uskayaw_dance_hall, serial_demonic,
          serial_demonic_d, serial_demonic_a, serial_demonic_c,
          serial_demonic_c, nicolae_diode_quadrants
D:9:      layout_irregular_city, kennysheep_little_box, enter_bailey_4,
          minmay_between, uniq_harold
D:10:     layout_basic, nicolae_ru_awakened_eye
D:11:     layout_rooms, hellmonk_lair_entry_icy, serial_ice, serial_ice_j,
          serial_ice_m, serial_ice_o, serial_ice_c, serial_ice_g, serial_ice_f,
          guppyfry_shop_earth, uniq_psyche, uniq_lodul
D:12:     layout_roguey, nicolae_trove_entry_crossroad

Skill      XL: |  1  2  3  4  5  6  7  8  9 10 11 |
---------------+----------------------------------+-----
Spellcasting   | 5 6 7 8 9 11 12 14 16 | 16.4
Necromancy     | 1 2 3 5 7 8 |  8.7
Dodging        | 1 2 3 4 5 6 7 8 |  8.7
Conjurations   | 1 2 |  2.7
Translocations | 3 4 |  4.5
Stealth        | 2 3 |  3.3
Short Blades   | 1 2 |  2.5
Transmutations | 2 3 |  3.1
Fire Magic     | 2 3 |  3.8
Poison Magic   | 2 5 6 |  6.0
Fighting       | 2 4 |  4.4
Evocations     | 1 |  1.1
Throwing       | 1 |  1.1
Shields        | 2 |  2.0
Long Blades    | 1 |  1.6
Invocations    | |  1.0

Action                     |  1- 3 |  4- 6 |  7- 9 | 10-12 || total
---------------------------+-------+-------+-------+-------++-------
  Melee: Short sword       |    21 |       |       |       ||    21
         Rapier            |    24 |    37 |   125 |    42 ||   228
         Dagger            |       |    18 |    34 |    10 ||    62
         Scimitar          |       |       |       |    46 ||    46
  Throw: Dart              |       |    12 |    21 |    28 ||    61
         Boomerang         |       |       |       |     2 ||     2
   Cast: Apportation       |    37 |    22 |    36 |    24 ||   119
         Magic Dart        |    51 |    60 |    50 |    46 ||   207
         Vampiric Draining |     3 |    14 |    65 |    32 ||   114
         Blink             |       |     2 |     6 |    12 ||    20
         Olgreb's Toxic Ra |       |       |    12 |    54 ||    66
         Ignite Poison     |       |       |     4 |    32 ||    36
         Poisonous Vapours |       |       |       |     4 ||     4
  Evoke: Wand              |       |       |     6 |    12 ||    18
    Use: Scroll            |     1 |       |       |    13 ||    14
         Potion            |     1 |       |       |     2 ||     3
   Stab: Sleeping          |     2 |     4 |     3 |     2 ||    11
 Armour: Robe              |    14 |    15 |    40 |       ||    69
         Steam dragon scal |       |       |    39 |    50 ||    89
  Dodge: Dodged            |    28 |    39 |   217 |   129 ||   413
  Block: Buckler           |     7 |    10 |    61 |    34 ||   112
